 Dungeon Crawl Stone Soup version 0.30-a0-341-g682706514a (webtiles) character file.

Game seed: 8788838585980798845

216 Ijustatesigmund the Firebug (level 5, -8/38 HPs)
             Began as a Demonspawn Fire Elementalist on Nov 4, 2022.
             Mangled by an iguana (13 damage)
             ... on level 4 of the Dungeon.
             The game lasted 00:09:31 (3026 turns).

Ijustatesigmund the Firebug (DsFE)                  Turns: 3026, Time: 00:09:32

Health: -8/38      AC:  3    Str:  8    XL:     5   Next: 61%
Magic:  16/18      EV: 12    Int: 21    God:
Gold:   146        SH:  4    Dex: 18    Spells: 6/9 levels left

rFire   . . .      SeeInvis .    e - +7 trident of Defiance {vorpal, rElec rPois Int+3 Dex+4}
rCold   . . .      Faith    .    (no shield)
rNeg    . . .      Spirit   .    a - +0 robe
rPois   +          Reflect  .    (helmet restricted)
rElec   +          Harm     .    f - +0 cloak
rCorr   .          Rampage  .    (no gloves)
Will    .....                    (no boots)
Stlth   ++........               (no amulet)
HPRegen 0.26/turn                c - ring of magical power
MPRegen 0.32/turn                (no ring)

@: no status effects
A: antennae 2, magic regeneration, condensation shield
a: no special abilities


You were on level 4 of the Dungeon.
You visited 1 branch of the dungeon, and saw 4 of its levels.

You collected 146 gold pieces.

Inventory:

Hand Weapons
 e - the +7 trident of Defiance (weapon) {vorpal, rElec rPois Int+3 Dex+4}
   (You found it on level 3 of the Dungeon)

   It inflicts extra damage upon your enemies.
   Int:       It affects your intelligence (+3).
   Dex:       It affects your dexterity (+4).
   rElec:     It insulates you from electricity.
   rPois:     It protects you from poison.
 j - a +0 morningstar
Missiles
 d - 2 throwing nets
Armour
 a - a +0 robe (worn)
 f - a +0 cloak (worn)
 g - a +0 buckler
Jewellery
 c - a ring of magical power (left hand)
Scrolls
 i - 2 scrolls of identify
Potions
 b - a potion of magic
 h - 4 potions of curing
 k - a potion of heal wounds
 l - a potion of haste
 m - a potion of resistance
 n - a potion of might {unknown}
 o - a potion of lignification {unknown}


   Skills:
 - Level 2.0 Fighting
 + Level 1.5 Polearms
 - Level 1.7 Dodging
 - Level 1.7 Stealth
 + Level 2.7 Spellcasting
 + Level 3.2 Conjurations
 + Level 3.5 Fire Magic


You had 6 spell levels left.
You knew the following spells:

 Your Spells              Type           Power      Damage    Failure   Level
a - Foxfire               Conj/Fire      68%        2x1d7     3%          1
b - Scorch                Fire           34%        2d6       4%          2

Your spell library contained the following spells:

 Spells                   Type           Power      Damage    Failure   Level
 Inner Flame              Hex/Fire       10%        N/A       21%         3
 Kindle Blastsparks       Fire/Tloc/Air  14%        2d11      26%         3
 Flame Wave               Conj/Fire      17%        2d7       32%         4


Dungeon Overview and Level Annotations

Branches:
Dungeon (4/15)
 Temple: D:4-7

Altars:
Xom

Shops:
D:1 [

Annotations:
D:3 2 transporters, Stonecrops's ghost, weakling DsVM


Innate Abilities, Weirdness & Mutations

You have a pair of antennae on your head.
You regenerate magic rapidly.
A meltable shield of frost defends you. (SH +4)


Message History

You now have enough gold to buy a pair of embroidered boots on D:1.
You can access your shopping list by pressing '$'.
You now have 146 gold pieces (gained 9).
A dart slug comes into view.
An iguana comes into view.
Found a morningstar.
The iguana hisses angrily.
The dart slug launches a dart at you. The slug dart misses you.
You reach to attack!
You puncture the dart slug!
The dart slug is almost dead.
You puncture the dart slug!
You kill the dart slug!
Casting: Foxfire (safe; 3% risk of failure)
Confirm with . or Enter, or press ? or * to list all spells.
You conjure some foxfire!
The iguana bites you!
The foxfire hits the iguana.
The iguana is lightly wounded.
The foxfire hits the iguana.
The iguana is lightly wounded.
The iguana misses you.
Casting: Foxfire (safe; 3% risk of failure)
Confirm with . or Enter, or press ? or * to list all spells.
Flames lash the iguana.
The iguana is moderately wounded.
The iguana's fire resistance burns away.
The iguana bites you!
Casting: Scorch (safe; 4% risk of failure)
Confirm with . or Enter, or press ? or * to list all spells.
You conjure some foxfire!
The iguana closely misses you.
The foxfire hits the iguana but does no damage.
The iguana is moderately wounded.
The foxfire hits the iguana but does no damage.
The iguana is moderately wounded.
The iguana bites you! The iguana attacks as you move away!
The iguana bites you!
* * * LOW HITPOINT WARNING * * *
The iguana is no longer more vulnerable to fire.
The iguana attacks as you move away! The iguana bites you!
You die...

##.....#.# {
####..#.#..
##...#..
#...#.#
#.#.#.#
#.#>#.#
#.###.#
#.###)#######
#....@.......
#####l.......
#......).
#........
#........
#........
#........
#........
#........


You could see an iguana.

Vanquished Creatures
  An orc priest (D:4)
  A hound (D:4)
  An orc wizard (D:4)
  3 gnolls (D:3)
  3 adders
  4 worms
  2 dart slugs
  2 orcs (D:4)
  3 ball pythons
  5 bats
  5 endoplasms
  A giant cockroach (D:2)
  4 goblins
  2 hobgoblins (D:1)
  6 jackals
  7 kobolds
  6 frilled lizards
  6 rats
62 creatures vanquished.

Vanquished Creatures (collateral kills)
  4 foxfires (D:1)
4 creatures vanquished.

Vanquished Creatures (others)
  158 foxfires
  8 plants
  3 withered plants (D:1)
169 creatures vanquished.

Grand Total: 235 creatures vanquished

Notes
Turn   | Place    | Note
-------+----------+-------------------------------------------
     0 | D:1      | Ijustatesigmund the Demonspawn Fire Elementalist began the
                  | quest for the Orb.
     0 | D:1      | Reached XP level 1. HP: 13/13 MP: 3/3
   225 | D:1      | Reached skill level 1 in Fighting
   228 | D:1      | Gained mutation: You have a pair of small antennae on your
                  | head. [demonic ancestry]
   228 | D:1      | Reached XP level 2. HP: 21/21 MP: 5/5
   367 | D:1      | Learned a level 2 spell: Scorch
   527 | D:1      | Found Ohiby's Antique Armour Shop.
   796 | D:1      | Found a faded altar of an unknown god.
   963 | D:2      | Found a shimmering altar of Xom.
  1284 | D:2      | Gained mutation: You have a pair of antennae on your head.
                  | [demonic ancestry]
  1284 | D:2      | Reached XP level 3. HP: 27/27 MP: 6/6
  2052 | D:3      | Identified the +7 trident of Defiance {vorpal, rElec rPois
                  | Int+3 Dex+4}
  2120 | D:3      | Found a transporter.
  2120 | D:3      | Found a transporter.
  2168 | D:3      | Identified the +0 buckler "Walassya" {rCorr Slay+3}
  2168 | D:3      | Noticed a gnoll sergeant
  2195 | D:3      | Gained mutation: A meltable shield of frost defends you.
                  | (SH +4) [demonic ancestry]
  2195 | D:3      | Reached XP level 4. HP: 27/33 MP: 7/7
  2591 | D:3      | Noticed Stonecrops's ghost (weakling DsVM)
  2630 | D:3      | Reached skill level 1 in Polearms
  2860 | D:4      | Gained mutation: You regenerate magic rapidly. [demonic
                  | ancestry]
  2860 | D:4      | Reached XP level 5. HP: 25/38 MP: 8/8
  3026 | D:4      | Mangled by an iguana

Illustrated notes

Levels and vault maps discovered:
D:1:      co_arrival_square_in_a_square_in_a_square, layout_rooms,
          shapermc_ecumenical_altar_flowoftime, serial_shops,
          nicolae_square_shop, grunt_decor_arrowhead
D:2:      layout_loops_ring, basic_altar, kennysheep_generic_room_10
D:3:      layout_basic, gammafunk_ghost_gnarly_gnolls
D:4:      layout_basic

Skill      XL: |  1  2  3  4 |
---------------+-------------+-----
Fighting       | 1 2 |  2.0
Conjurations   | 2 3 |  3.2
Fire Magic     | 3 |  3.5
Polearms       | 1 |  1.5
Dodging        | |  1.7
Stealth        | |  1.7
Spellcasting   | |  2.7

Action                   |  1- 3 |  4- 6 || total
-------------------------+-------+-------++-------
Melee: Trident           |    27 |    25 ||    52
       Dagger            |     1 |       ||     1
 Cast: Foxfire           |    71 |    32 ||   103
       Scorch            |     2 |     2 ||     4
  Use: Scroll            |    11 |       ||    11
       Potion            |     1 |       ||     1
 Stab: Distracted        |       |     1 ||     1
       Sleeping          |       |     1 ||     1
Armor: Robe              |    12 |     2 ||    14
Dodge: Dodged            |    33 |    16 ||    49
Block: Other             |       |     4 ||     4

Table legend: (Time is in decaauts)
 A = Elapsed time spent in this place.
 B = Non-inter-level travel time spent in this place.
 C = Inter-level travel time spent in this place.
 D = Time resting spent in this place.
 E = Time spent auto-exploring this place.
 F = Levels seen in this place.
 G = Mean time per level.
                   A        B        C        D        E       F      G
               +--------+--------+--------+--------+--------+-----+--------+
         Total |   3040 |   2937 |    103 |    406 |   1919 |   4 |  760.0 |
       Dungeon |   3040 |   2937 |    103 |    406 |   1919 |   4 |  760.0 |
               +--------+--------+--------+--------+--------+-----+--------+

Top non-repeatable levels by time:
     D:1: 1092 daAuts
     D:2: 962 daAuts
     D:3: 797 daAuts
     D:4: 188 daAuts
